 Dungeon Crawl Stone Soup version 0.25-a0-317-g5f8687bca5 (webtiles) character file.

Game seed: 2248554572002176008, levelgen mode: classic

5786 Borgoz the Basher (level 10, -3/65 HPs)
             Began as a Gargoyle Fighter on Dec 25, 2019.
             Was a Follower of Ashenzari.
             Slain by Harold
             ... wielding a +0 glaive
              (21 damage)
             ... on level 8 of the Dungeon.
             The game lasted 00:15:22 (8695 turns).

Borgoz the Basher (Gargoyle Fighter)                Turns: 8695, Time: 00:15:23

Health: -3/65      AC: 20    Str: 19    XL:     10   Next: 79%
Magic:  10/10      EV: 12    Int: 10    God:    Ashenzari [*.....]
Gold:   385        SH:  6    Dex: 12    Spells: 9/9 levels left

rFire    + . .     SeeInvis .   a - +1 flail (crush)
rCold    . . .     Gourm    .   d - +2 buckler
rNeg     + + .     Faith    .   e - +0 scale mail (curse)
rPois    ∞         Spirit   .   r - +1 helmet (curse)
rElec    +         Reflect  .   i - +0 cloak (curse)
rCorr    .         Harm     .   j - +0 pair of gloves
MR       .....                  (no boots)
Stlth    ..........             s - amulet of the acrobat
HPRegen  0.20/turn              g - ring of protection from fire (curse)
MPRegen  0.12/turn              x - ring of positive energy

@: marked
A: negative energy resistance 1, electricity resistance, unbreathing,
petrification resistance, rot immunity, AC +7
a: Curse Item, Scrying, Renounce Religion


You were on level 8 of the Dungeon.
You worshipped Ashenzari.
Ashenzari was aware of your devotion.
You were not hungry.

You visited 2 branches of the dungeon, and saw 9 of its levels.
You also visited: Ossuary.

You collected 385 gold pieces.

Inventory:

Hand Weapons
 a - a +1 flail of crushing (weapon)
 b - a +2 whip of flaming
Armour
 d - a +2 buckler (worn)
 e - a cursed +0 scale mail (worn)
 i - a cursed +0 cloak (worn)
 j - a +0 pair of gloves (worn)
 r - a cursed +1 helmet (worn)
Jewellery
 g - a cursed ring of protection from fire (left hand)
 s - an amulet of the acrobat (around neck)
 x - a ring of positive energy (right hand)
Scrolls
 m - 6 scrolls of amnesia
 n - 5 scrolls of remove curse
 o - a scroll of noise {unknown}
 p - 6 scrolls of teleportation {unknown}
 q - a scroll of enchant armour {unknown}
 t - a scroll of magic mapping
 v - 2 scrolls of immolation {unknown}
 y - a scroll of fog {unknown}
 z - a scroll of random uselessness {unknown}
 C - a scroll of enchant weapon {unknown}
Potions
 c - 3 potions of brilliance {unknown}
 h - 2 potions of flight {unknown}
 k - a potion of heal wounds
 l - 4 potions of curing
 u - 2 potions of mutation
 A - a potion of lignification
 B - a potion of resistance {unknown}
Comestibles
 f - 18 rations
 w - 6 chunks of flesh


   Skills:
 + Level 8.4 Fighting
 * Level 10.2 Maces & Flails
 + Level 8.5 Armour
 + Level 5.7 Dodging
 - Level 3.2 Shields


You had 9 spell levels left.
You didn't know any spells.
Your spell library contained the following spells:

 Spells                   Type           Power        Failure   Level  Hunger
 Freeze                   Ice            #...         71%         1    ##.....
 Ozocubu's Armour         Chrm/Ice       #.......     97%         3    ####...
 Hailstorm                Conj/Ice       #.......     100%        4    #####..
 Summon Ice Beast         Ice/Summ       #.......     100%        4    #####..


Dungeon Overview and Level Annotations

Branches:
Dungeon (8/15)             Temple (1/1) D:6         Ossuary (visited)
   Lair: D:8-11

Altars:
Ashenzari
Cheibriados
Dithmenos
Elyvilon
Fedhas
Gozag
Hepliaklqana
Kikubaaqudgha
Makhleb
Nemelex Xobeh
Okawaru
Qazlal
Ru
Sif Muna
Trog
Uskayaw
Vehumet
Wu Jian
Xom
Yredelemnul
Zin
The Shining One

Shops:
D:4 [

Annotations:
D:5 3 runed translucent doors, grouchysmurf's ghost, novice OgHu
D:8 Harold


Innate Abilities, Weirdness & Mutations

You are resistant to torment.
Your stone body is resilient. (AC +7)
You are immune to poison.
You resist negative energy. (rN+)
You are resistant to electric shocks. (rElec)
You can survive without breathing.
You are immune to petrification.
You are immune to rotting.


Message History

You hit something but do no damage. You closely miss something.
Something hits you!
You sock something! Something hits you.
You thump something! You hit something but do no damage.
You hear some strange, mumbled words.
The mark upon you grows brighter.
You barely miss something. Something hits you but does no damage.
You miss something. You block something's attack.
You hit something but do no damage. You closely miss something.
You hear some strange, mumbled words.
The mark upon you grows brighter.
You miss something. Something hits you!
You hit something but do no damage. Something hits you but does no damage.
You barely miss something.
You feel better. Something hits you!
* * * LOW HITPOINT WARNING * * *
You sock something! Something hits you!!
You die...

######'#######
#............. #.#
#(............
#.##########............#
#>.).....................
###)#.##.#.#.############
#.#.##...#.#
#.#..#####.####
#.##.#...#....#
#....#@#.####.#
######{#....#.#
#....(...#.#.#
#........#.#.#
#........#.#.#
#........#...#
#.(......##### #!.......+
#...?....#


There were no monsters in sight!

Vanquished Creatures
  2 two-headed ogres
  Pikel (D:5)
  4 yaks (D:7)
  Menkaure (D:6)
  Purgy (D:3)
  An ice beast (D:7)
  A sky beast (D:4)
  4 slaves (D:5)
  3 phantoms
  2 orc warriors (D:6)
  2 ogres
  2 centaurs
  A crocodile (D:7)
  5 bullfrogs
  2 wyvern zombies (Ossuary)
  3 scorpions
  A howler monkey (D:6)
  A bullfrog zombie (Ossuary)
  2 crimson imps (D:7)
  A quasit (D:7)
  4 hounds
  3 centaur skeletons
  A gnoll shaman (D:7)
  A jelly (D:6)
  6 orc priests
  Crazy Yiuf (D:2)
  6 iguanas
  14 mummies (Ossuary)
  4 worker ants
  7 orc wizards
  3 worker ant zombies
  2 howler monkey zombies (Ossuary)
  8 gnolls
  4 adders
  An ooze (D:2)
  2 adder zombies (Ossuary)
  2 adder skeletons (D:8)
  2 worms
  2 dart slugs
  7 leopard geckos
  29 orcs
  3 bats (D:3)
  4 giant cockroaches
  7 goblins
  12 hobgoblins
  6 jackals
  3 quokkas
  2 ball python skeletons
  A ball python zombie (Ossuary)
  9 frilled lizards
  A giant cockroach zombie (Ossuary)
  14 kobolds
  4 leopard gecko zombies
  4 quokka zombies (Ossuary)
  3 rats
  A bush (D:1)
223 creatures vanquished.

Vanquished Creatures (others)
  A worker ant (D:7)
  A withered plant (Ossuary)
2 creatures vanquished.

Grand Total: 225 creatures vanquished

Notes
Turn   | Place    | Note
-------+----------+-------------------------------------------
     0 | D:1      | Borgoz the Gargoyle Fighter began the quest for the Orb.
     0 | D:1      | Reached XP level 1. HP: 14/14 MP: 1/1
   175 | D:1      | Reached XP level 2. HP: 19/19 MP: 2/2
   350 | D:1      | Reached XP level 3. HP: 23/23 MP: 3/3
  1248 | D:2      | Reached skill level 1 in Dodging
  1316 | D:2      | Reached skill level 3 in Maces & Flails
  1319 | D:2      | Reached XP level 4. HP: 25/29 MP: 4/4
  1679 | D:2      | Found a runed translucent door.
  1680 | D:2      | Noticed Crazy Yiuf
  1746 | D:2      | Killed Crazy Yiuf
  1828 | D:3      | Reached XP level 5. HP: 33/33 MP: 5/5
  1956 | D:3      | You fall into a shaft and drop 2 floors!
  1956 | D:5      | Entered Level 5 of the Dungeon
  2207 | D:5      | Found an opulent altar of Gozag.
  2253 | D:5      | Noticed a phantom
  2300 | D:5      | Killed a phantom
  2300 | D:5      | Reached skill level 4 in Maces & Flails
  2300 | D:5      | Reached XP level 6. HP: 16/39 MP: 6/6
  2479 | D:5      | Noticed a slave
  2526 | D:5      | Killed a slave
  2697 | D:5      | Noticed Pikel
  2697 | D:5      | Noticed a slave
  2697 | D:5      | Noticed a slave
  2702 | D:5      | Noticed a slave
  3030 | D:4      | Found Tany's Antique Armour Shoppe.
  3063 | D:4      | Noticed a phantom
  3121 | D:4      | Killed a phantom
  3121 | D:4      | Reached XP level 7. HP: 16/44 MP: 7/7
  3218 | D:4      | Reached skill level 5 in Maces & Flails
  3498 | D:4      | Reached skill level 5 in Fighting
  3498 | D:4      | Reached skill level 5 in Armour
  3826 | D:3      | Noticed Purgy
  3849 | D:3      | Killed Purgy
  4546 | D:4      | Reached XP level 8. HP: 49/49 MP: 8/8
  4682 | D:5      | Killed Pikel
  4682 | D:5      | Reached skill level 6 in Maces & Flails
  5322 | D:5      | Reached skill level 7 in Maces & Flails
  5427 | D:5      | Found a runed translucent gate.
  5427 | D:5      | Found a runed translucent gate.
  5427 | D:5      | Found a runed translucent gate.
  5428 | D:5      | Identified the +4 whip of Lurghitips {drain, Int+2}
  5428 | D:5      | Noticed grouchysmurf's ghost (novice OgHu)
  5493 | D:6      | Noticed Menkaure
  5504 | D:6      | Killed Menkaure
  5564 | D:6      | Reached XP level 9. HP: 47/56 MP: 9/9
  5601 | D:6      | Found a sand-covered staircase.
  5606 | Ossuary  | Entered an ossuary
  6199 | D:6      | Found a staircase to the Ecumenical Temple.
  6202 | D:6      | Found a bloodstained altar of Trog.
  6246 | Temple   | Entered the Ecumenical Temple
  6262 | Temple   | Became a worshipper of Ashenzari the Shackled
  6526 | D:6      | Reached skill level 8 in Maces & Flails
  7253 | D:7      | HP: 4/85 [yak (3)]
  7254 | D:7      | HP: 1/85 [yak (3)]
  7255 | D:7      | Reached skill level 9 in Maces & Flails
  7255 | D:7      | Reached XP level 10. HP: 2/63 MP: 10/10
  7263 | D:7      | Reached skill level 5 in Dodging
  7642 | D:7      | Noticed a two-headed ogre
  7653 | D:7      | Killed a two-headed ogre
  7966 | D:7      | Found a stormy altar of Qazlal.
  8139 | D:8      | Reached * piety under Ashenzari
  8150 | D:8      | Noticed a two-headed ogre
  8169 | D:8      | Killed a two-headed ogre
  8169 | D:8      | Reached skill level 10 in Maces & Flails
  8659 | D:8      | Noticed Harold
  8695 | D:8      | Slain by Harold

Levels and vault maps discovered:
D:1:      saegor_arrival_simple_c, layout_basic, serial_forest,
          infiniplex_forest_lined_3, infiniplex_forest_split,
          infiniplex_forest_corner_2, infiniplex_forest_end_2,
          infiniplex_forest_end_2, infiniplex_forest_clump_diagonal
D:2:      layout_rooms, dk_vineyard_1, uniq_crazy_yiuf_cottage
D:3:      layout_basic, first_ration, chequers_serial_rivers_micro_d, uniq_purgy
D:4:      layout_basic, serial_shops, shop
D:5:      layout_rooms, nicolae_overflow_crystal_walls,
          gammafunk_ghost_nasty_kobolds, uniq_pikel
D:6:      layout_rooms, minmay_temple_entry_statues_pillars,
          nicolae_ossuary_entry_plus, bloody_trog, uniq_menkaure
D:7:      layout_rooms, grunt_qazlal_clouds
D:8:      layout_basic, uniq_harold
Temple:   nicolae_temple_the_god_donut

Skill      XL: |  1  2  3  4  5  6  7  8  9 10 |
---------------+-------------------------------+-----
Dodging        | 1 2 3 4 5 |  5.7
Maces & Flails | 3 4 5 7 9 10 | 10.2
Fighting       | 4 5 6 7 8 |  8.4
Armour         | 4 5 6 7 8 |  8.5
Shields        | |  3.2

Action                   |  1- 3 |  4- 6 |  7- 9 | 10-12 || total
-------------------------+-------+-------+-------+-------++-------
Melee: Flail             |   201 |   249 |   206 |   220 ||   876
       Whip              |       |       |   458 |       ||   458
Invok: Curse Item        |       |       |     3 |       ||     3
  Use: Potion            |       |     4 |     3 |     3 ||    10
       Scroll            |       |       |     9 |       ||     9
  Eat: Chunk             |     2 |     6 |    11 |     5 ||    24
       Ration            |       |       |     1 |       ||     1
Armor: Scale mail        |    66 |   114 |   262 |    95 ||   537
Dodge: Dodged            |    42 |    96 |   312 |   113 ||   563
Block: Shield            |    71 |   113 |       |       ||   184
       Buckler           |       |       |   181 |    50 ||   231

Table legend:
 A = Non-vault XP
 B = Vault XP
 C = Vault XP percentage of total XP
 D = Non-vault monster count
 E = Vault monster count
 F = Vault count percentage of total count
                 A         B        C        D         E       F
            +---------+---------+-------+---------+---------+-------
      Total |    6563 |    1704 |  20.6 |     182 |      36 |  16.5
            +---------+---------+-------+---------+---------+-------
        D:1 |      44 |       0 |   0.0 |      19 |       0 |   0.0
        D:2 |      73 |      40 |  35.4 |      24 |       1 |   4.0
        D:3 |      49 |     145 |  74.7 |      22 |       1 |   4.3
        D:4 |     690 |       0 |   0.0 |      26 |       0 |   0.0
        D:5 |     398 |     685 |  63.3 |      16 |       1 |   5.9
        D:6 |    1091 |     172 |  13.6 |      31 |       1 |   3.1
        D:7 |    2790 |       0 |   0.0 |      28 |       0 |   0.0
        D:8 |    1428 |       0 |   0.0 |      16 |       0 |   0.0
    Ossuary |       0 |     662 | 100.0 |       0 |      32 | 100.0
            +---------+---------+-------+---------+---------+-------
